 Dungeon Crawl Stone Soup version 0.26-a0-639-g72c4674329 (webtiles) character file.

Game seed: 7221231941679656068

60636 Flugslaktarn the Warrior (level 14, -45/136 HPs)
             Began as a Minotaur Fighter on Sept 19, 2020.
             Was a High Priest of Makhleb.
             Killed from afar by Asterion (56 damage)
             ... with an iron shot
             ... on level 1 of the Snake Pit.
             The game lasted 00:08:59 (14288 turns).

Flugslaktarn the Warrior (Minotaur Fighter)        Turns: 14288, Time: 00:08:59

Health: -45/136    AC: 22    Str: 29    XL:     14   Next: 57%
Magic:  19/19      EV: 16    Int:  4    God:    Makhleb [*****.]
Gold:   1317       SH: 13    Dex: 13    Spells: 13/13 levels left

rFire    . . .     SeeInvis .   u - +4 war axe (elec)
rCold    . . .     Faith    .   c - +0 kite shield
rNeg     + . .     Spirit   .   b - +0 plate armour
rPois    +         Reflect  .   (helmet restricted)
rElec    .         Harm     .   m - +2 ratskin cloak {*Rats rPois rN+ Str-1 Int-1 Dex+1}
rCorr    .         Rampage  .   e - +2 pair of gloves
MR       +....                  (no boots)
Stlth    ..........             a - amulet of regeneration
HPRegen  0.72/turn              B - +6 ring of strength
MPRegen  0.16/turn              v - +4 ring of evasion

@: hasted, very quick
A: retaliatory headbutt, horns 2
a: Minor Destruction, Lesser Servant of Makhleb, Major Destruction, Greater
Servant of Makhleb, Renounce Religion


You were on level 1 of the Snake Pit.
You worshipped Makhleb.
Makhleb was extremely pleased with you.
You visited 3 branches of the dungeon, and saw 19 of its levels.

You collected 1317 gold pieces.

Inventory:

Hand Weapons
 u - a +4 war axe of electrocution (weapon)
   (You took it off an orc priest on level 5 of the Dungeon)
Missiles
 E - 2 throwing nets (quivered)
Armour
 b - a +0 plate armour (worn)
   (You took it off an orc warrior on level 5 of the Dungeon)
 c - a +0 kite shield (worn)
 e - a +2 pair of gloves (worn)
   (You found it on level 5 of the Dungeon)
 m - the +2 ratskin cloak (worn) {*Rats rPois rN+ Str-1 Int-1 Dex+1}
   (You found it on level 4 of the Dungeon)

   It affects your strength (-1).
   It affects your intelligence (-1).
   It affects your dexterity (+1).
   It protects you from poison.
   It protects you from negative energy.
Jewellery
 a - an amulet of regeneration (around neck)
   (You found it on level 5 of the Dungeon)
 k - an uncursed ring of resist corrosion
   (You found it on level 2 of the Lair of Beasts)
 o - an uncursed ring of poison resistance
   (You found it on level 2 of the Dungeon)
 v - a +4 ring of evasion (right hand)
   (You found it on level 1 of the Lair of Beasts)
 A - the ring "Vytiyffid" {+Fly rN+ Dex+3 SInv Stlth-}
   (You found it on level 9 of the Dungeon)

   [ring of flight]

   It affects your dexterity (+3).
   It protects you from negative energy.
   It lets you see invisible.
   It lets you fly.
   It makes you less stealthy.
 B - a +6 ring of strength (left hand)
   (You found it on level 11 of the Dungeon)
Wands
 d - a wand of paralysis (6)
   (You found it on level 12 of the Dungeon)
 y - a wand of digging (4)
   (You found it on level 9 of the Dungeon)
 C - a wand of iceblast (14)
   (You found it on level 11 of the Dungeon)
 K - a wand of acid (8)
   (You found it on level 3 of the Lair of Beasts)
Scrolls
 g - 3 scrolls of fear
 n - 5 scrolls of magic mapping
 t - 5 scrolls of teleportation
 x - 6 scrolls of remove curse
 z - 3 scrolls of blinking
 G - 2 scrolls of fog
 H - 4 scrolls of immolation
 L - a scroll of holy word
Potions
 h - 5 potions of haste
 i - 6 potions of flight
 j - 2 potions of ambrosia
 l - 2 potions of berserk rage {unknown}
 p - a potion of magic {unknown}
 q - 9 potions of curing
 s - 3 potions of cancellation
 w - 2 potions of heal wounds
 D - 2 potions of lignification {unknown}
 I - a potion of invisibility {unknown}


   Skills:
 * Level 15.8 Fighting
 * Level 15.6 Axes
 + Level 11.9 Armour
 + Level 8.8 Dodging
 + Level 11.9 Shields
 + Level 8.2 Invocations


You had 13 spell levels left.
You didn't know any spells.
Your spell library was empty.

Dungeon Overview and Level Annotations

Branches:
Dungeon (12/15)            Temple (0/1) D:7            Lair (6/6) D:8
 Shoals (0/4) Lair:3        Snake (1/4) Lair:4        Slime (0/5) Lair:5
    Orc (0/2) D:10

Altars:
Cheibriados
Dithmenos
Gozag
Hepliaklqana
Kikubaaqudgha
Makhleb
Nemelex Xobeh
Ru
Trog
Vehumet
Zin
Jiyva

Shops:
D:6 :

Annotations:
Lair:4 exclusion: 2 oklob plants
Lair:5 1 runed translucent door
Lair:6 2 runed translucent doors, exclusion: oklob plant
Snake:1 Asterion


Innate Abilities, Weirdness & Mutations

You reflexively headbutt those who attack you in melee.
You have a pair of horns on your head.


Message History

Asterion barely misses you. Asterion gores you.
* * * LOW HITPOINT WARNING * * *
You hit Asterion but do no damage. You headbutt Asterion.
Asterion is severely wounded.
You feel yourself speed up. You block Asterion's attack.
Asterion gores you but does no damage.
You slice Asterion!!
You headbutt Asterion, but do no damage.
Asterion is almost dead.
Asterion barely misses you. Asterion closely misses you.
Asterion blocks your attack.
Asterion is almost dead.
Asterion misses you. Asterion gores you but does no damage.
You slash Asterion!
Asterion is almost dead.
Asterion blocks your attack. x2
Asterion is almost dead.
Asterion conjures a destructive force in the name of Makhleb!
The iron shot hits you!!!
You die...

......### .... #####
........###.............
........................
#...................##.
#.?........#.......#..
#............. #.....
#..H........# ##....
##.@......# ##...
#..3.....## ##..
#...†#...## #..
#....##..## ##. ....##
##..# ##. ....# ##..#
##.. ...# #...## ##...
..# #....# ###..#.
#....#####...###


You could see Asterion (fast) and a friendly smoke demon (summoned, confused).

Vanquished Creatures
  Rupert (Lair:5)
  Aizul (Snake:1)
  A naga warrior (Snake:1)
  Fannar (Lair:2)
  3 hydras
  A catoblepas (Lair:3)
  An anaconda (Snake:1)
  3 death yaks (Lair:6)
  2 two-headed ogres
  An unseen horror (D:12)
  A naga ritualist (Snake:1)
  A lindwurm (Lair:6)
  3 orc knights (D:11)
  Pikel (D:7)
  An ugly thing (D:12)
  5 elephants (Lair:5)
  Joseph (D:9)
  11 black mambas
  2 molten gargoyles (Lair:6)
  2 torpor snails (Lair:6)
  14 cane toads
  3 rime drakes
  14 komodo dragons
  2 trolls
  16 blink frogs
  5 dream sheep (Lair:6)
  12 hippogriffs
  A shadow (D:12)
  A vampire (D:10)
  7 basilisks
  2 wyverns (Lair:6)
  2 steam dragons
  38 yaks
  Menkaure (D:4)
  4 nagas
  Duvessa (D:4)
  14 wargs (D:11)
  17 water moccasins
  2 hell hounds (Lair:6)
  7 porcupines
  2 ice beasts
  9 orc warriors
  3 black bears
  A necrophage (D:9)
  3 phantoms
  2 sky beasts
  8 ogres
  9 wolves
  13 crocodiles
  3 centaurs
  A big kobold (D:9)
  Dowan (D:4)
  6 bullfrogs
  A wyvern skeleton (D:8)
  4 scorpions
  6 killer bees (D:9)
  16 wights
  An electric eel (Lair:2)
  3 howler monkeys
  5 lava snakes (Lair:6)
  A quasit (D:11)
  5 orc priests
  A gnoll shaman (D:9)
  2 hounds
  6 centaur skeletons
  3 bullfrog skeletons
  2 jellies
  An iguana (D:4)
  12 orc wizards
  7 worker ants
  A hound skeleton (D:4)
  2 worker ant zombies
  10 gnolls
  2 howler monkey skeletons
  13 adders
  3 shadow imps
  2 white imps
  2 ufetubi (D:6)
  An ooze (D:4)
  2 adder skeletons
  A worm (D:3)
  6 leopard geckos
  70 orcs
  A giant cockroach (D:7)
  2 goblins
  2 hobgoblins
  A jackal (D:2)
  3 quokkas
  2 ball pythons
  2 frilled lizards
  2 jackal skeletons
  A jackal zombie (D:5)
  6 kobolds
  A leopard gecko skeleton (D:4)
  2 leopard gecko zombies
  2 rats
485 creatures vanquished.

Vanquished Creatures (collateral kills)
  An anaconda (Snake:1)
  4 hydras
  An elephant (Lair:5)
  A black mamba (Snake:1)
  A cane toad (Lair:6)
  3 blink frogs (Lair:4)
  A basilisk (Lair:4)
  A naga (Lair:4)
  A water moccasin (Lair:6)
  A hell hound (Lair:6)
  A porcupine (Lair:4)
  An ogre (D:4)
  2 gnolls (D:9)
  3 adders (Lair:4)
22 creatures vanquished.

Vanquished Creatures (others)
  27 fungi
  52 plants
79 creatures vanquished.

Grand Total: 586 creatures vanquished

Notes
Turn   | Place    | Note
-------+----------+-------------------------------------------
     0 | D:1      | Flugslaktarn the Minotaur Fighter began the quest for the
                  | Orb.
     0 | D:1      | Reached XP level 1. HP: 19/19 MP: 0/0
   111 | D:2      | Found a bloodstained altar of Trog.
   115 | D:2      | Reached XP level 2. HP: 23/27 MP: 1/1
   427 | D:2      | Reached XP level 3. HP: 30/33 MP: 2/2
   592 | D:3      | Reached XP level 4. HP: 39/41 MP: 3/3
   793 | D:4      | Found the +2 ratskin cloak {*Rats rPois rN+ Str-1 Int-1
                  | Dex+1}
   876 | D:4      | Reached skill level 5 in Fighting
   876 | D:4      | Reached XP level 5. HP: 48/48 MP: 4/4
  1083 | D:4      | Noticed an ogre
  1089 | D:4      | Killed an ogre
  1089 | D:4      | Reached XP level 6. HP: 39/57 MP: 5/5
  1283 | D:4      | Reached skill level 5 in Axes
  1506 | D:4      | Noticed Dowan
  1507 | D:4      | Noticed Duvessa
  1511 | D:4      | Reached skill level 5 in Armour
  1511 | D:4      | Reached skill level 5 in Shields
  1523 | D:4      | Killed Duvessa
  1523 | D:4      | Reached XP level 7. HP: 47/64 MP: 6/6
  1529 | D:4      | Killed Dowan
  1735 | D:4      | Noticed Menkaure
  1741 | D:4      | Killed Menkaure
  2040 | D:5      | Entered Level 5 of the Dungeon
  2144 | D:5      | Reached XP level 8. HP: 44/73 MP: 7/7
  2934 | D:6      | Found Gusupp's Book Shoppe.
  3000 | D:6      | Found a shadowy altar of Dithmenos.
  3060 | D:5      | Found an opulent altar of Gozag.
  3315 | D:6      | Found a sacrificial altar of Ru.
  3362 | D:6      | Became a worshipper of Ru the Awakened
  3526 | D:6      | Reached XP level 9. HP: 72/83 MP: 8/8
  3670 | D:6      | Found a radiant altar of Vehumet.
  3670 | D:6      | Found a hazy altar of Hepliaklqana.
  3675 | D:6      | Found a snail-covered altar of Cheibriados.
  3679 | D:6      | Found an ancient bone altar of Kikubaaqudgha.
  3681 | D:6      | Found a sparkling altar of Nemelex Xobeh.
  3894 | D:6      | Found a burning altar of Makhleb.
  3939 | D:6      | Fell from the grace of Ru
  3939 | D:6      | Became a worshipper of Makhleb the Destroyer
  4120 | D:7      | Reached skill level 1 in Invocations
  4208 | D:7      | Reached * piety under Makhleb
  4319 | D:7      | Found a staircase to the Ecumenical Temple.
  4432 | D:7      | Noticed Pikel
  4446 | D:7      | Killed Pikel
  4446 | D:7      | Reached skill level 10 in Fighting
  4446 | D:7      | Reached skill level 1 in Dodging
  4610 | D:7      | Found a glowing silver altar of Zin.
  4800 | D:8      | Noticed a two-headed ogre
  4810 | D:8      | Killed a two-headed ogre
  4810 | D:8      | Reached skill level 10 in Axes
  4810 | D:8      | Reached XP level 10. HP: 56/94 MP: 10/10
  4872 | D:8      | Found a staircase to the Lair.
  5379 | D:9      | Noticed Joseph
  5390 | D:9      | Reached ** piety under Makhleb
  5397 | D:9      | Killed Joseph
  5488 | D:9      | Got a faintly glowing glass ring
  5796 | D:9      | Identified the ring "Vytiyffid" {+Fly rN+ Dex+3 SInv
                  | Stlth-} (You found it on level 9 of the Dungeon)
  5852 | D:10     | Entered Level 10 of the Dungeon
  5890 | D:10     | Found a staircase to the Orcish Mines.
  6317 | D:10     | Reached XP level 11. HP: 102/102 MP: 11/13
  6707 | D:11     | Noticed a two-headed ogre
  6718 | D:11     | Killed a two-headed ogre
  6718 | D:11     | Reached *** piety under Makhleb
  7050 | D:11     | Noticed a seven-headed hydra
  7053 | D:11     | Killed a ten-headed hydra
  7299 | D:11     | Identified the +2 robe "Rotilel" {rC+ Str+2}
  7299 | D:11     | Noticed an orc knight
  7305 | D:11     | Noticed an orc knight
  7316 | D:11     | Noticed an orc knight
  7429 | D:11     | Killed an orc knight
  7429 | D:11     | Reached skill level 5 in Dodging
  7431 | D:11     | Killed an orc knight
  7431 | D:11     | Reached skill level 5 in Invocations
  7500 | D:11     | Reached **** piety under Makhleb
  7504 | D:11     | Killed an orc knight
  7790 | D:12     | Noticed an unseen horror
  7811 | D:12     | Noticed a cyan ugly thing
  7820 | D:12     | Killed an unseen horror
  7831 | D:12     | Killed a cyan ugly thing
  7831 | D:12     | Reached XP level 12. HP: 45/113 MP: 14/14
  7993 | D:12     | Noticed a five-headed hydra
  8240 | Lair:1   | Entered Level 1 of the Lair of Beasts
  8411 | Lair:1   | Identified the Disquisition on Floating Beguiling
  8711 | Lair:1   | Reached skill level 10 in Shields
  9062 | Lair:2   | Reached skill level 10 in Armour
  9069 | Lair:2   | Reached ***** piety under Makhleb
  9348 | Lair:2   | Noticed Fannar
  9357 | Lair:2   | Killed Fannar
 10038 | Lair:3   | Noticed a catoblepas
 10057 | Lair:3   | Killed a catoblepas
 10503 | Lair:3   | Found a staircase to the Shoals.
 10733 | Lair:4   | Reached XP level 13. HP: 122/123 MP: 16/16
 11122 | Lair:4   | Found a staircase to the Snake Pit.
 11603 | Lair:5   | Found a runed translucent door.
 11603 | Lair:5   | Found a viscous altar of Jiyva.
 11604 | Lair:5   | Noticed an acid blob
 11608 | Lair:5   | Noticed an acid blob
 11618 | Lair:5   | Found a staircase to the Slime Pits.
 12025 | Lair:5   | Noticed Rupert
 12248 | Lair:5   | Paralysed by Rupert for 7 turns
 12263 | Lair:5   | Killed Rupert
 12298 | Lair:6   | Entered Level 6 of the Lair of Beasts
 12402 | Lair:6   | Reached skill level 15 in Fighting
 12555 | Lair:6   | Reached XP level 14. HP: 116/135 MP: 18/18
 12642 | Lair:6   | Reached skill level 15 in Axes
 13632 | Lair:6   | Reached ****** piety under Makhleb
 13649 | Lair:6   | Found a large runed translucent door.
 13649 | Lair:6   | Found a large runed translucent door.
 14059 | Snake:1  | Entered Level 1 of the Snake Pit
 14091 | Snake:1  | Noticed Aizul
 14106 | Snake:1  | Killed Aizul
 14253 | Snake:1  | Noticed Asterion
 14254 | Snake:1  | Noticed a cacodemon
 14288 | Snake:1  | Killed from afar by Asterion

Illustrated notes

Levels and vault maps discovered:
D:1:      minmay_arrival_three_doors, layout_loops_ring, minmay_pentomino_p2
D:2:      minmay_razor_zed, layout_loops_ring, lemuel_crystal_altar,
          serial_forest, infiniplex_forest_straight_3,
          infiniplex_forest_straight_1, infiniplex_forest_end_double,
          infiniplex_forest_lined_room_2, infiniplex_forest_lined_2,
          infiniplex_forest_clump_curved, infiniplex_forest_end_1, minmay_cupped
D:3:      layout_loops_cross, portal_sewer_entry_b, moated_statue,
          lemuel_statue_altar
D:4:      layout_basic, uniq_menkaure, uniq_duvessa
D:5:      layout_basic, grunt_gozag_statues
D:6:      layout_gridville, kennysheep_mini_moat,
          chequers_temple_overflow_minitemple, grunt_temple_overflow_open,
          serial_shops, kennysheep_little_box, minmay_tree_intersection
D:7:      layout_loops_ring, zin_scriptorium, minmay_temple_entry_statues,
          uniq_pikel
D:8:      layout_rooms, lair_entry_dummy
D:9:      layout_rooms, minmay_fractal_squares_gapless_7, uniq_joseph
D:10:     layout_loops_ring, orc_0_dummy
D:11:     lemuel_castle_with_subvaults [lemuel_castle_interior_carwin_1],
          layout_irregular_city
D:12:     layout_big_octagon, serial_rivers, chequers_serial_rivers_marsh,
          chequers_serial_rivers_large_a, chequers_serial_rivers_small_3,
          chequers_serial_rivers_small_a, chequers_serial_rivers_micro_c
Lair:1:   layout_regular_city, grunt_megastairs_3
Lair:2:   layout_layer_cave, chequers_serial_rivers_micro_a,
          serial_bayou_shore_a, grunt_megastairs_5, uniq_fannar
Lair:3:   layout_concentric_octagons, elwin_shoals_entry_rooms
Lair:4:   minmay_lair_venomous_thicket, layout_regular_city,
          minmay_snake_entry_guardpost_small, small_statue_intersection,
          minmay_lair_oklob_chamber, infiniplex_staircase_pool_2
Lair:5:   layout_misc_corridors, slime_altar_2, grunt_megastairs_2,
          lemuel_fruit_tree, uniq_rupert
Lair:6:   cheibrodos_lair_end_hotspot, layout_cave_pods
Snake:1:  layout_layer_cave, minmay_shoptagon, uniq_roxanne, uniq_asterion,
          uniq_aizul, uniq_nikola, uniq_kirke

Skill      XL: |  1  2  3  4  5  6  7  8  9 10 11 12 13 14 |
---------------+-------------------------------------------+-----
Fighting       | 4 5 6 7 9 10 11 12 13 15 | 15.8
Axes           | 3 4 5 6 8 10 11 12 13 14 15 | 15.6
Armour         | 4 5 6 7 8 9 10 11 | 11.9
Shields        | 4 5 6 7 8 9 10 11 | 11.9
Invocations    | 2 4 5 6 7 8 |  8.2
Dodging        | 2 3 5 6 8 |  8.8

Action                   |  1- 3 |  4- 6 |  7- 9 | 10-12 | 13-15 || total
-------------------------+-------+-------+-------+-------+-------++-------
Melee: War axe           |    47 |   101 |   206 |   586 |   463 ||  1403
       Headbutt          |     8 |    17 |    48 |   143 |   123 ||   339
Invok: Lesser Servant of |       |       |       |       |    12 ||    12
  Use: Potion            |       |       |     1 |     2 |     1 ||     4
       Scroll            |       |       |     9 |    11 |    11 ||    31
 Stab: Distracted        |       |       |       |       |     2 ||     2
Armor: Scale mail        |     6 |       |       |       |       ||     6
       Chain mail        |    18 |    61 |    33 |       |       ||   112
       Plate armour      |       |       |    53 |   282 |   318 ||   653
Dodge: Dodged            |    16 |    17 |    31 |   137 |   247 ||   448
Block: Kite shield       |    24 |    38 |    81 |   342 |   323 ||   808

Table legend: (Time is in decaauts)
 A = Elapsed time spent in this place.
 B = Non-inter-level travel time spent in this place.
 C = Inter-level travel time spent in this place.
 D = Time resting spent in this place.
 E = Time spent auto-exploring this place.
 F = Levels seen in this place.
 G = Mean time per level.
                   A        B        C        D        E       F      G
               +--------+--------+--------+--------+--------+-----+--------+
         Total |  14288 |  13438 |    850 |    835 |   9972 |  19 |  752.0 |
       Dungeon |   8324 |   7729 |    595 |    488 |   5724 |  12 |  693.7 |
          Lair |   5748 |   5494 |    254 |    234 |   4206 |   6 |  958.0 |
     Snake Pit |    215 |    215 |      0 |    113 |     41 |   1 |  215.0 |
               +--------+--------+--------+--------+--------+-----+--------+

Top non-repeatable levels by time:
    D:11: 1516 daAuts
  Lair:6: 1501 daAuts
     D:4: 1363 daAuts
     D:5: 1147 daAuts
  Lair:2: 1019 daAuts
  Lair:4: 904 daAuts
  Lair:5: 898 daAuts
     D:6: 788 daAuts
  Lair:1: 771 daAuts
     D:9: 750 daAuts
     D:7: 728 daAuts
    D:10: 654 daAuts
  Lair:3: 653 daAuts
     D:8: 459 daAuts
     D:2: 420 daAuts
